 Dungeon Crawl Stone Soup version 0.30-a0-782-ge64f9170bb (webtiles) character file.

Game seed: 10587220809635618412

273 quinnr the Zephyrmancer (level 6, -6/32 HPs)
             Began as a Tengu Air Elementalist on Feb 16, 2023.
             Mangled by a bullfrog (8 damage)
             ... in a sewer on Feb 19, 2023.
             The game lasted 00:11:43 (4264 turns).

quinnr the Zephyrmancer (Tengu Air Elementalist)    Turns: 4264, Time: 00:11:43

Health: -6/32      AC:  3    Str:  8    XL:     6   Next: 24%
Magic:  2/11       EV: 14    Int: 17    God:
Gold:   108        SH:  0    Dex: 15    Spells: 8/11 levels left

rFire   + . .      SeeInvis .    m - staff of fire {!a}
rCold   . . .      Faith    .    (no shield)
rNeg    . . .      Spirit   .    a - +0 robe
rPois   .          Reflect  .    (helmet restricted)
rElec   .          Harm     .    i - +0 cloak
rCorr   .          Rampage  .    (no gloves)
Will    .....                    (boots unavailable)
Stlth   ++                       (no amulet)
HPRegen 0.25/turn                (no ring)
MPRegen 0.12/turn                (no ring)

@: mighty, flying quickly and evasively, quick
A: beak, talons 3, nimble flight
a: no special abilities


You were in a sewer.
You visited 1 branch of the dungeon, and saw 4 of its levels.
You also visited: Sewer.

You collected 108 gold pieces.


Innate Abilities, Weirdness & Mutations

You have a beak for a mouth.
You have claws for feet.
Your magical nature lets you fly swiftly and evasively.


   Skills:
 - Level 2.1 Dodging
 - Level 2.0 Stealth
 - Level 3.0 Spellcasting
 - Level 2.0 Conjurations
 * Level 8.2 Air Magic


You had 8 spell levels left.
You knew the following spells:

 Your Spells              Type           Power      Damage    Failure   Level
t - Static Discharge      Conj/Air       38%        2-4/arc   3%          2
z - Shock                 Conj/Air       76%        1d7       2%          1

Your spell library contained the following spells:

 Spells                   Type           Power      Damage    Failure   Level
 Swiftness                Air            30%        N/A       1%          3
 Airstrike                Air            15%        2d(3-19)  6%          4
 Apportation              Tloc           4%         N/A       17%         1
 Necrotise                Necr           8%         1d4       17%         1
 Summon Small Mammal      Summ           8%         N/A       17%         1
 Anguish                  Hex/Necr       1%         N/A       86%         4
 Enfeeble                 Hex            1%         N/A       100%        7

Inventory:

Armour
 a - a +0 robe (worn)
 i - a +0 cloak (worn)
Magical Staves
 m - a staff of fire (weapon) {!a}
Scrolls
 e - 8 scrolls of identify {unknown}
 j - 3 scrolls of immolation {unknown}
 k - a scroll of blinking {unknown}
 n - 2 scrolls of teleportation {unknown}
 o - 2 scrolls of fear {unknown}
 p - a scroll of noise {unknown}
 q - 2 scrolls of enchant armour {unknown}
 s - a scroll of summoning {unknown}
 t - a scroll of amnesia {unknown}
 u - a scroll of vulnerability {unknown}
 v - a scroll of poison {unknown}
Potions
 b - 2 potions of magic
 c - 2 potions of resistance {unknown}
 d - 2 potions of flight {unknown}
 f - a potion of degeneration {unknown}
 g - a potion of berserk rage {!q}
 h - 2 potions of might
 l - 2 potions of curing {unknown}
 r - a potion of lignification {unknown}

Dungeon Overview and Level Annotations

Branches:
Dungeon (4/15)              Sewer (1/1)
 Temple: D:4-7

Altars:
Hepliaklqana

▒≈≈≈≈~~# ▒~≈~~≈~▒
▒≈≈≈≈~~▒ ▒≈≈~~~≈▒
▒≈~≈~~≈▒ ▒≈~~~~≈▒
▒≈~~≈~≈▒ ▒≈~~J≈~▒
▒~≈≈~≈≈▒ ▒≈≈≈#~≈▒
▒~~~≈≈≈▒ ▒≈≈≈≈.~#
▒#..~.≈▒ ▒≈≈≈≈.~▒
▒...(~≈▒ ▒≈≈~≈~≈▒
▒≈~~~.≈▒ ▒@F≈~≈≈▒
▒≈≈≈~~~▒ ▒≈≈≈~≈≈▒
▒≈≈≈≈~~▒ ▒≈~~~~≈▒
▒≈~≈~~~# #≈≈~≈~≈▒
▒≈≈~~~≈▒ ▒≈~~≈≈~▒
▒~~~†≈≈▒ ▒▒▒▒▒~~~~~≈▒
▒#..~..▒ ▒..▒▒#...~.▒
▒†.....▒#▒..▒▒....†.▒
▒▒......▒▒'▒▒...†..▒▒


You could see a bullfrog and an endoplasm.


Message History

You kill the ball python!
The bullfrog is struck by an arc of lightning.
The bullfrog is heavily wounded.
The bullfrog is struck by an arc of lightning.
The bullfrog is almost dead.
The lightning grounds out.
The bullfrog is struck by an arc of lightning.
You kill the bullfrog!
You are struck by an arc of lightning.
* * * LOW HITPOINT WARNING * * *
The lightning grounds out.
The bullfrog hits you.
* * * LOW HITPOINT WARNING * * *
The bullfrog hits you!
* * * LOW HITPOINT WARNING * * *
Your Air Magic skill increases to level 8!
You have reached level 6!
Unknown command.
Okay, then.
Okay, then.
It was a potion of might.
You feel very mighty all of a sudden. The bullfrog misses you.
You barely miss the bullfrog. Your peck misses the bullfrog.
The bullfrog is heavily wounded.
The bullfrog closely misses you.
The bullfrog hits you but does no damage.
You barely miss the bullfrog. You peck the bullfrog.
The bullfrog is severely wounded.
The bullfrog hits you!
You die...

Skill      XL: |  1  2  3  4  5 |
---------------+----------------+-----
Conjurations   | 2 |  2.0
Air Magic      | 5 6 8 |  8.2
Spellcasting   | 3 |  3.0
Dodging        | |  2.1
Stealth        | |  2.0

Action                     |  1- 3 |  4- 6 || total
---------------------------+-------+-------++-------
  Melee: Kick              |     1 |     1 ||     2
         Unarmed           |     1 |       ||     1
         Staff             |       |    13 ||    13
         Peck              |       |     2 ||     2
   Cast: Shock             |    88 |   121 ||   209
         Static Discharge  |       |     8 ||     8
    Use: Potion            |       |     1 ||     1
 Armour: Robe              |     9 |     6 ||    15
  Dodge: Dodged            |    10 |    43 ||    53

Levels and vault maps discovered:
D:1:      dpeg_arrival_long_road, layout_basic
D:2:      layout_rooms, serial_aquarium, aquarium_bridge_straight
          [aquarium_subvault_bridge, aquarium_subvault_window,
          aquarium_subvault_bridge, aquarium_subvault_window],
          aquarium_bridge_square [aquarium_subvault_bridge,
          aquarium_subvault_bridge, aquarium_subvault_bridge,
          aquarium_subvault_bridge], aquarium_window_fake, aquarium_window_fake,
          aquarium_window_corner, aquarium_window_1, aquarium_view_2e,
          aquarium_view_2e, aquarium_balcony_3b, aquarium_pool_S, minmay_cupped
D:3:      layout_loops_ring, mainiacjoe_overflow_paths,
          kennysheep_generic_room_4
D:4:      layout_loops_cross, portal_sewer_entry_b,
          minmay_fractal_squares_gapless_5, uniq_menkaure
Sewer:    sewer_minmay_w

Notes
Turn   | Place    | Note
-------+----------+-------------------------------------------
     0 | D:1      | quinnr the Tengu Air Elementalist began the quest for the
                  | Orb.
     0 | D:1      | Reached XP level 1. HP: 10/10 MP: 4/4
   219 | D:1      | Reached XP level 2. HP: 15/15 MP: 3/6
   341 | D:1      | Reached skill level 2 in Conjurations
   394 | D:1      | Upgraded the game from 0.30-a0-778-g2ef04afb54 to
                  | 0.30-a0-782-ge64f9170bb
   840 | D:1      | Reached XP level 3. HP: 19/19 MP: 3/7
   939 | D:1      | Reached skill level 5 in Air Magic
  2185 | D:3      | Reached XP level 4. HP: 24/24 MP: 5/8
  2235 | D:3      | Found a hazy altar of Hepliaklqana.
  3286 | D:4      | Found a glowing drain.
  3307 | D:4      | Reached skill level 6 in Air Magic
  3322 | Sewer    | Entered a sewer
  3459 | Sewer    | Learned a level 2 spell: Static Discharge
  3630 | Sewer    | Reached skill level 3 in Spellcasting
  3630 | Sewer    | Gained mutation: Your magical nature lets you fly swiftly
                  | and evasively. [Tengu growth]
  3630 | Sewer    | Reached XP level 5. HP: 15/28 MP: 0/10
  3899 | Sewer    | Reached skill level 7 in Air Magic
  4261 | Sewer    | HP: 1/28 [bullfrog (7)]
  4262 | Sewer    | Reached skill level 8 in Air Magic
  4262 | Sewer    | Reached XP level 6. HP: 1/32 MP: 2/11
  4264 | Sewer    | Mangled by a bullfrog

Vanquished Creatures
  A bullfrog (Sewer)
  4 river rats
  8 adders
  A dart slug (D:2)
  3 orcs (D:3)
  18 ball pythons
  4 bats
  5 endoplasms
  8 giant cockroaches
  8 goblins
  5 hobgoblins
  2 quokkas
  4 frilled lizards
  4 kobolds
  27 rats
102 creatures vanquished.

Table legend: (Time is in decaauts)
 A = Elapsed time spent in this place.
 B = Non-inter-level travel time spent in this place.
 C = Inter-level travel time spent in this place.
 D = Time resting spent in this place.
 E = Time spent auto-exploring this place.
 F = Levels seen in this place.
 G = Mean time per level.
                   A        B        C        D        E       F      G
               +--------+--------+--------+--------+--------+-----+--------+
         Total |   4302 |   4222 |     80 |    194 |   3443 |   5 |  860.4 |
       Dungeon |   3326 |   3246 |     80 |    121 |   2745 |   4 |  831.5 |
         Sewer |    975 |    975 |      0 |     73 |    698 |   1 |  975.0 |
               +--------+--------+--------+--------+--------+-----+--------+

Top non-repeatable levels by time:
     D:1: 1388 daAuts
     D:3: 1056 daAuts
   Sewer: 975 daAuts
     D:2: 836 daAuts
     D:4: 45 daAuts

Table legend:
 A = Non-vault XP
 B = Vault XP
 C = Vault XP percentage of total XP
 D = Non-vault monster count
 E = Vault monster count
 F = Vault count percentage of total count
                 A         B        C        D         E       F
            +---------+---------+-------+---------+---------+-------
      Total |     106 |     285 |  72.9 |      54 |      48 |  47.1
            +---------+---------+-------+---------+---------+-------
        D:1 |      45 |       0 |   0.0 |      29 |       0 |   0.0
        D:2 |      33 |       2 |   5.7 |      11 |       1 |   8.3
        D:3 |      28 |       3 |   9.7 |      14 |       2 |  12.5
        D:4 |       0 |      18 | 100.0 |       0 |       4 | 100.0
      Sewer |       0 |     262 | 100.0 |       0 |      41 | 100.0
            +---------+---------+-------+---------+---------+-------
